AoeStats
← Lissman89

Arena

504146898Analyzed
1v1 RM · 26d ago on Sep 4, 2026· 49m 37s· 2 players
Game mode
Random Map
Map size
Tiny (2 player)
Population
200
Speed
Normal
Resources
Standard
Victory
Conquest
Starting age
Dark Age
Ending age
Imperial Age
RankedLock teamsTeams togetherTeam positionsShared explorationLock speedFull tech treeHidden civsTurbo modeCheats
Victory
Defeat
🇦🇺 Magyars · Australia
577
+14
🇮🇩 Aztecs · Indonesia
540
-14
Ikuzo Temera!!!
0:45 Loom
11:46 Feudal Age
12:09 Horse Collar
12:57 Double-Bit Axe
14:14 Gold Mining
20:46 Castle Age
18:49 Stone Mining
20:15 Man-at-Arms
22:57 Pikeman
23:38 Squires
25:20 Gold Shaft Mining
28:37 Wheelbarrow
28:20 Fervor
28:19 Heavy Plow
29:09 Bow Saw
30:16 Elite Skirmisher
34:29 Imperial Age
34:48 Forging
34:28 Fletching
34:40 Scale Mail Armor
34:40 Padded Archer Armor
35:31 Garland Wars
36:49 Crop Rotation
40:17 Hand Cart
42:00 Iron Casting
41:41 Chain Mail Armor
46:10 Blast Furnace
45:19 Bodkin Arrow
47:09 Plate Mail Armor
47:55 Block Printing
48:52 Bracer
49:07 Leather Archer Armor
Lissman89
9:09 Loom
11:03 Feudal Age
16:34 Castle Age
14:39 Double-Bit Axe
15:45 Horse Collar
25:24 Gold Mining
27:48 Fervor
28:29 Scale Barding Armor
28:15 Fletching
28:26 Padded Archer Armor
28:31 Heavy Plow
28:44 Bow Saw
28:54 Murder Holes
30:17 Wheelbarrow
29:28 Loom
29:29 Town Watch
30:52 Chain Barding Armor
30:53 Bloodlines
31:07 Elite Skirmisher
31:53 Thumb Ring
33:58 Gold Shaft Mining
33:14 Stone Mining
33:23 Bodkin Arrow
34:30 Corvinian Army
35:37 Ballistics
34:58 Treadmill Crane
35:28 Masonry
38:21 Imperial Age
36:41 Leather Archer Armor
38:20 Husbandry
38:35 Cavalier
40:03 Parthian Tactics
39:04 Heavy Cavalry Archer
40:45 Conscription
41:08 Crop Rotation
40:43 Elite Magyar Huszar
42:23 Hoardings
45:29 Plate Barding Armor
45:24 Ring Archer Armor
47:37 Chemistry
46:41 Bracer
47:24 Recurve Bow
47:50 Paladin
48:49 Capped Ram
Connection lost

Rejoining the realm…

Still unreachable

The connection could not be restored.

Session expired

The server has moved on; the page needs a fresh start.